Blues vs Hurricanes

Created - February-02-15 at 18:37

Goals
1 2 3 T
Blues 1 3 1 5
Hurricanes 0 1 0 1
Shots
1 2 3 T
Blues 16 18 7 41
Hurricanes 4 11 4 19

1st period

1. Blues , Jussi Jokinen 12 (Bryan Little, Johnny Boychuk) at 3:00 (PP)

Penalties :
Nick Foligno (CAR) for Slashing (Minor) at 1:11, Brooks Orpik (CAR) for Fighting (Major) at 7:40, Carl Gunnarsson (STL) for Fighting (Major) at 7:40, Kevin Czuczman (CAR) for Slashing (Minor) at 11:13, Patrick Maroon (CAR) for Elbowing (Minor) at 15:17, Ryan Garbutt (STL) for Hooking (Minor) at 18:27, Mike Fisher (STL) for Interference (Minor) at 19:34

2nd period

2. Blues , Mike Fisher 13 (Johnny Boychuk, Alex Tanguay) at 2:59
3. Blues , Bryan Little 20 (Jussi Jokinen, Jiri Hudler) at 7:27 (PP)
4. Blues , Jay McClement 3 (Mark Stuart, Cal Clutterbuck) at 12:36
5. Hurricanes , Michael Frolik 10 (Raphael Diaz, Derek Roy) at 13:42

Penalties :
Ben Lovejoy (CAR) for Slashing (Minor) at 6:10, Raphael Diaz (CAR) for Fighting (Major) at 13:57, Carl Gunnarsson (STL) for Fighting (Major) at 13:57, Nick Foligno (CAR) for Hooking (Minor) at 18:05

3rd period

6. Blues , Mike Fisher 14 (Johnny Boychuk, Kevin Klein) at 7:22 (PP)

Penalties :
Brad Richardson (CAR) for High sticking (Minor) at 1:31, Brian Boyle (CAR) for Slashing (Double Minor) at 2:10, Kevin Czuczman (CAR) for Tripping (Minor) at 6:12, Kevin Czuczman (CAR) for Roughing (Minor) at 7:39, Mike Weaver (STL) for Interference (Minor) at 8:12, Dustin Byfuglien (CAR) for Kneeing (Major) at 12:33

Goalie Stats

Antti Niemi (STL), 18 saves from 19 shots - (0.947), W, 14-16-1, 60:00 minutes
Chad Johnson (CAR), 36 saves from 41 shots - (0.878), L, 2-3-1, 60:00 minutes

Players Stats for Blues

Player Name              G  A  P  +/- PIM S  H  SB GA TA FO     MP     PP MP  PK MP  
------------------------------------------------------------------------------------
Alex Tanguay             0  1  1   1  0   3  0  0  0  0  2/2    19:40   9:51   0:00 
Bryan Little             1  1  2   0  0   3  5  1  0  0  22/35  23:45  10:32   1:29 
Cal Clutterbuck          0  1  1   0  0   1  0  0  0  0  1/1     7:15   0:46   0:58 
Carl Gunnarsson          0  0  0   1  10  5  0  1  0  0  0/0    20:20  10:31   1:46 
David Jones              0  0  0   0  0   0  0  0  0  0  0/0     8:54   0:46   0:00 
Jay McClement            1  0  1   0  0   2  0  0  0  0  8/10    6:17   0:00   0:00 
Jeff Petry               0  0  0   1  0   0  1  0  0  0  0/0    17:52   2:13   1:53 
Jiri Hudler              0  1  1   0  0   2  1  0  0  0  0/0    21:27   9:46   0:37 
Johnny Boychuk           0  3  3   1  0   6  4  2  0  0  0/0    25:53   8:56   1:53 
Jussi Jokinen            1  1  2   0  0   4  1  0  0  0  10/23  21:47   9:46   2:27 
Kevin Klein              0  1  1  -1  0   1  1  1  0  0  0/0    19:36   7:39   0:00 
Lee Stempniak            0  0  0   0  0   0  1  0  0  0  0/0    10:18   0:00   0:00 
Mark Stuart              0  1  1   1  0   1  1  0  0  0  0/0    13:39   0:46   1:46 
Mike Fisher              2  0  2   1  2   5  1  0  0  0  15/26  20:34   9:51   0:54 
Mike Weaver              0  0  0  -1  2   2  1  0  0  0  0/0    22:37  10:40   0:00 
R.J. Umberger            0  0  0   1  0   3  3  0  0  0  1/1    19:40   9:51   0:00 
Ryan Garbutt             0  0  0   0  2   2  2  0  0  0  0/0     8:07   0:00   0:00 
Tanner Glass             0  0  0   0  0   1  3  0  0  0  0/0     6:17   0:00   0:00 

Players Stats for Hurricanes

Player Name              G  A  P  +/- PIM S  H  SB GA TA FO     MP     PP MP  PK MP  
------------------------------------------------------------------------------------
Alex Chiasson            0  0  0   0  0   1  0  0  0  0  0/0     7:14   0:00   0:00 
Ben Lovejoy              0  0  0   0  2   1  0  1  0  0  0/0    23:27   1:32   8:16 
Blake Wheeler            0  0  0  -1  0   4  0  0  0  0  7/21   23:31   2:07   9:36 
Brad Richardson          0  0  0  -1  2   1  0  0  0  0  8/17   11:11   0:00   0:00 
Brandon McMillan         0  0  0   0  0   0  0  0  0  0  3/9     7:54   0:00   0:40 
Brian Boyle              0  0  0   0  4   0  2  0  0  0  10/19  13:36   2:07   7:19 
Brooks Orpik             0  0  0  -2  5   0  1  2  0  0  0/0    19:29   0:00   8:32 
Derek Roy                0  1  1   0  0   3  0  0  0  0  9/22   18:30   1:32   4:12 
Dustin Byfuglien         0  0  0   0  5   0  6  4  0  0  0/0    26:36   2:07   8:48 
James Neal               0  0  0  -1  0   1  0  1  0  0  1/4    19:22   2:07   1:03 
James Wisniewski         0  0  0  -2  0   0  0  1  0  0  0/0    26:49   1:32  10:51 
Kevin Czuczman           0  0  0   1  6   1  2  2  0  0  0/0    13:37   2:07   2:27 
Michael Frolik           1  0  1   0  0   5  0  0  0  0  0/4    23:04   1:32   9:36 
Nick Foligno             0  0  0   0  4   1  4  0  0  0  0/1    21:01   1:32   6:59 
Patrick Maroon           0  0  0   0  2   0  2  0  0  0  1/1     7:13   0:00   0:00 
Raphael Diaz             0  1  1   1  5   1  0  1  0  0  0/0     9:37   0:00   1:34 
Ryan Wilson              0  0  0   0  0   0  0  1  0  0  0/0     0:18   0:00   0:18 
Valeri Nichushkin        0  0  0   0  0   0  0  0  0  0  0/0     4:10   0:00   0:00 

3 Stars

1 - Johnny Boychuk (STL)
2 - Bryan Little (STL)
3 - Mike Fisher (STL)

Power Play

Blues - 3 on 11 Attempt(s) - 27.27%
Hurricanes - 0 on 3 Attempt(s) - 0.00%

Penalty Kill

Blues - 3 on 3 Attempt(s) - 100.00% - Score 0 goal in Penalty Kill
Hurricanes - 8 on 11 Attempt(s) - 72.73% - Score 0 goal in Penalty Kill

Team Stat

Blues - Hits : 25 - Faceoff Wins : 59 - Blocked Shots : 5 - Penalty Minutes : 16
Hurricanes - Hits : 17 - Faceoff Wins : 39 - Blocked Shots : 13 - Penalty Minutes : 35

Official

Referees : Brian Pochmara and Dave Jackson
Linesman : Steve Barton and Kiel Murchison

Game Notes

Brooks Orpik and Carl Gunnarsson fight to a draw at 7:40 of 1st period
Raphael Diaz and Carl Gunnarsson fight to a draw at 13:57 of 2nd period

Finance

Level 1 -- Attendance: 6000 (100.00%) -- Ticket Income $600,000
Level 2 -- Attendance: 4759 (95.18%) -- Ticket Income $309,335
Level 3 -- Attendance: 3290 (94.00%) -- Ticket Income $148,050
Level 4 -- Attendance: 2932 (90.77%) -- Ticket Income $79,164
Luxury Box -- Attendance: 1000 (100.00%) -- Ticket Income $200,000
Game was played at the PNC Arena'
Total Attendance: 17981 (96.00%)
Total Ticket Income: $1,336,549
Other Income: $200,482
Total Income: $1,537,031

% Time on Ice - Blues

Lines # - Real PCT - Wanted PCT - Time Play
Normal Forward
1 - 30% - 31% - 10:18
2 - 28% - 28% - 9:49
3 - 24% - 25% - 8:08
4 - 18% - 16% - 6:17
Normal Defense
1 - 33% - 35% - 11:28
2 - 32% - 33% - 11:07
3 - 35% - 32% - 11:57
4 - 0% - 0% - 0:00
PP Forward
1 - 52% - 48% - 10:32
2 - 48% - 52% - 9:51
PP Defense
1 - 48% - 48% - 9:42
2 - 52% - 52% - 10:41
PK Forward
1 - 65% - 50% - 1:49
2 - 35% - 50% - 0:58
PK Defense
1 - 50% - 51% - 1:23
2 - 50% - 49% - 1:24
PK3 Forward
1 - 69% - 51% - 0:36
2 - 31% - 49% - 0:16
PK3 Defense
1 - 58% - 51% - 0:30
2 - 42% - 49% - 0:22
44 Forward
1 - 100% - 51% - 1:26
2 - 0% - 49% - 0:00
44 Defense
1 - 100% - 51% - 1:26
2 - 0% - 49% - 0:00
Last Minute Offensive  - 0:00
Last Minute Defensive  - 0:00
Total
Forward - 60:00
Defense - 60:00

% Time on Ice - Hurricanes

Lines # - Real PCT - Wanted PCT - Time Play
Normal Forward
1 - 32% - 38% - 11:12
2 - 35% - 35% - 11:56
3 - 12% - 17% - 4:10
4 - 21% - 10% - 7:14
Normal Defense
1 - 36% - 35% - 12:19
2 - 34% - 35% - 11:44
3 - 26% - 17% - 9:03
4 - 4% - 13% - 1:26
PP Forward
1 - 58% - 57% - 2:07
2 - 42% - 43% - 1:32
PP Defense
1 - 42% - 50% - 1:32
2 - 58% - 50% - 2:07
PK Forward
1 - 50% - 50% - 9:27
2 - 50% - 50% - 9:36
PK Defense
1 - 49% - 50% - 9:17
2 - 51% - 50% - 9:46
PK3 Forward
1 - 79% - 60% - 1:03
2 - 21% - 40% - 0:17
PK3 Defense
1 - 45% - 60% - 0:36
2 - 55% - 40% - 0:44
44 Forward
1 - 58% - 50% - 0:50
2 - 42% - 50% - 0:36
44 Defense
1 - 58% - 50% - 0:50
2 - 42% - 50% - 0:36
Last Minute Offensive  - 0:00
Last Minute Defensive  - 0:00
Total
Forward - 60:00
Defense - 60:00

Play by Play

1st period


0:01 of 1st period - Bryan Little wins face-off versus Brad Richardson in neutral zone.
0:40 of 1st period - Shot by Blake Wheeler.
0:40 of 1st period - Shot Misses the Net.
0:42 of 1st period - Shot by Dustin Byfuglien.
0:42 of 1st period - Shot Blocked by Johnny Boychuk.
0:44 of 1st period - Shot by Ben Lovejoy.
0:44 of 1st period - Shot Misses the Net.
1:10 of 1st period - Carl Gunnarsson is hit by Nick Foligno and loses puck.
1:11 of 1st period - Minor Penalty to Nick Foligno for Slashing.
1:12 of 1st period - Alex Tanguay wins face-off versus Derek Roy in Hurricanes zone.
2:36 of 1st period - Shot by Bryan Little.
2:36 of 1st period - Shot Misses the Net.
2:38 of 1st period - Shot by Johnny Boychuk.
2:38 of 1st period - Stopped by Chad Johnson without a rebound.
2:39 of 1st period - Bryan Little wins face-off versus Brian Boyle in Hurricanes zone.
2:52 of 1st period - Shot by Johnny Boychuk.
2:52 of 1st period - Shot Misses the Net.
2:54 of 1st period - Shot by Johnny Boychuk.
2:54 of 1st period - Stopped by Chad Johnson with a rebound.
2:56 of 1st period - Shot by Bryan Little.
2:56 of 1st period - Shot Misses the Net.
2:58 of 1st period - Shot by Bryan Little.
2:58 of 1st period - Shot Misses the Net.
3:00 of 1st period - Shot by Jussi Jokinen.
3:00 of 1st period - Goal by Jussi Jokinen - Blues : 1 - Hurricanes : 0.
3:01 of 1st period - Jay McClement wins face-off versus Brandon McMillan in neutral zone.
3:08 of 1st period - Shot by Kevin Czuczman.
3:08 of 1st period - Stopped by Antti Niemi with a rebound.
4:40 of 1st period - Off-side.
4:41 of 1st period - Brad Richardson wins face-off versus Bryan Little in neutral zone.
5:03 of 1st period - Shot by Bryan Little.
5:03 of 1st period - Shot Misses the Net.
5:05 of 1st period - Shot by Mark Stuart.
5:05 of 1st period - Stopped by Chad Johnson without a rebound.
5:06 of 1st period - Brandon McMillan wins face-off versus Jussi Jokinen in Hurricanes zone.
5:17 of 1st period - Shot by Kevin Czuczman.
5:17 of 1st period - Shot Misses the Net.
5:27 of 1st period - Shot by Ryan Garbutt.
5:27 of 1st period - Shot Blocked by Kevin Czuczman.
5:29 of 1st period - Shot by Mike Weaver.
5:29 of 1st period - Stopped by Chad Johnson without a rebound.
5:30 of 1st period - Brian Boyle wins face-off versus Mike Fisher in Hurricanes zone.
5:37 of 1st period - Shot by James Neal.
5:37 of 1st period - Shot Misses the Net.
5:39 of 1st period - Shot by Valeri Nichushkin.
5:39 of 1st period - Shot Misses the Net.
6:22 of 1st period - James Wisniewski is hit by Kevin Klein and loses puck.
6:39 of 1st period - Shot by Ryan Garbutt.
6:39 of 1st period - Shot Misses the Net.
6:45 of 1st period - Shot by Jussi Jokinen.
6:45 of 1st period - Stopped by Chad Johnson without a rebound.
6:46 of 1st period - Bryan Little wins face-off versus Brandon McMillan in Hurricanes zone.
6:56 of 1st period - Shot by Jiri Hudler.
6:56 of 1st period - Shot Blocked by Raphael Diaz.
6:58 of 1st period - Shot by Bryan Little.
6:58 of 1st period - Deflect By Lee Stempniak.
6:58 of 1st period - Shot Misses the Net.
7:00 of 1st period - Shot by Jiri Hudler.
7:00 of 1st period - Stopped by Chad Johnson without a rebound.
7:01 of 1st period - Derek Roy wins face-off versus Jay McClement in Hurricanes zone.
7:01 of 1st period - Derek Roy is hit by Tanner Glass.
7:06 of 1st period - Off-side.
7:07 of 1st period - Jussi Jokinen wins face-off versus Derek Roy in neutral zone.
7:39 of 1st period - Shot by Ryan Garbutt.
7:39 of 1st period - Stopped by Chad Johnson without a rebound.
7:40 of 1st period - Brad Richardson wins face-off versus Bryan Little in Hurricanes zone.
7:40 of 1st period - Brooks Orpik and Carl Gunnarsson fight to a draw.
7:40 of 1st period - Penalty to Brooks Orpik for Fighting.
7:40 of 1st period - Penalty to Carl Gunnarsson for Fighting.
7:41 of 1st period - Bryan Little wins face-off versus Blake Wheeler in Hurricanes zone.
7:51 of 1st period - Jiri Hudler is hit by Dustin Byfuglien and loses puck.
10:07 of 1st period - Icing by Johnny Boychuk.
10:08 of 1st period - Brad Richardson wins face-off versus Jussi Jokinen in Blues zone.
10:08 of 1st period - Brad Richardson is hit by Johnny Boychuk.
10:21 of 1st period - Icing by Ryan Garbutt.
10:22 of 1st period - Jussi Jokinen wins face-off versus Derek Roy in Blues zone.
10:35 of 1st period - Icing by Jussi Jokinen.
10:36 of 1st period - Jussi Jokinen wins face-off versus Brad Richardson in Blues zone.
11:00 of 1st period - Mark Stuart is hit by Dustin Byfuglien and loses puck.
11:07 of 1st period - Shot by Jay McClement.
11:07 of 1st period - Deflect By Tanner Glass.
11:07 of 1st period - Shot Misses the Net.
11:09 of 1st period - Shot by Cal Clutterbuck.
11:09 of 1st period - Shot Misses the Net.
11:11 of 1st period - Shot by Jay McClement.
11:11 of 1st period - Stopped by Chad Johnson without a rebound.
11:12 of 1st period - Bryan Little wins face-off versus Michael Frolik in Hurricanes zone.
11:12 of 1st period - Mike Weaver is hit by Kevin Czuczman.
11:13 of 1st period - Minor Penalty to Kevin Czuczman for Slashing.
11:14 of 1st period - Mike Fisher wins face-off versus Blake Wheeler in Hurricanes zone.
11:15 of 1st period - Shot by Alex Tanguay.
11:15 of 1st period - Stopped by Chad Johnson without a rebound.
11:16 of 1st period - Mike Fisher wins face-off versus Blake Wheeler in Hurricanes zone.
11:57 of 1st period - Shot by Mike Fisher.
11:57 of 1st period - Stopped by Chad Johnson without a rebound.
11:58 of 1st period - Blake Wheeler wins face-off versus Bryan Little in Hurricanes zone.
11:58 of 1st period - Blake Wheeler is hit by Bryan Little.
12:10 of 1st period - Shot by Bryan Little.
12:10 of 1st period - Stopped by Chad Johnson without a rebound.
12:11 of 1st period - Blake Wheeler wins face-off versus Bryan Little in Hurricanes zone.
12:11 of 1st period - Blake Wheeler is hit by Jiri Hudler.
12:23 of 1st period - Shot by Johnny Boychuk.
12:23 of 1st period - Stopped by Chad Johnson without a rebound.
12:24 of 1st period - Mike Fisher wins face-off versus Michael Frolik in Hurricanes zone.
12:45 of 1st period - Shot by Mike Weaver.
12:45 of 1st period - Shot Misses the Net.
12:47 of 1st period - Shot by Kevin Klein.
12:47 of 1st period - Stopped by Chad Johnson without a rebound.
12:48 of 1st period - Bryan Little wins face-off versus Blake Wheeler in Hurricanes zone.
13:15 of 1st period - Shot by Blake Wheeler.
13:15 of 1st period - Shot Misses the Net.
13:17 of 1st period - Shot by Blake Wheeler.
13:17 of 1st period - Stopped by Antti Niemi without a rebound.
13:18 of 1st period - Brad Richardson wins face-off versus Mike Fisher in Blues zone.
13:24 of 1st period - Icing by Mark Stuart.
13:25 of 1st period - Mike Fisher wins face-off versus Brad Richardson in Blues zone.
13:40 of 1st period - Shot by Blake Wheeler.
13:40 of 1st period - Stopped by Antti Niemi with a rebound.
14:05 of 1st period - Alex Tanguay is hit by Dustin Byfuglien and loses puck.
14:51 of 1st period - Shot by Brooks Orpik.
14:51 of 1st period - Shot Blocked by Johnny Boychuk.
14:53 of 1st period - Shot by Derek Roy.
14:53 of 1st period - Shot Misses the Net.
15:09 of 1st period - Shot by Derek Roy.
15:09 of 1st period - Shot Misses the Net.
15:16 of 1st period - Icing by Johnny Boychuk.
15:17 of 1st period - Bryan Little wins face-off versus Brandon McMillan in Blues zone.
15:17 of 1st period - Minor Penalty to Patrick Maroon for Elbowing.
15:18 of 1st period - Blake Wheeler wins face-off versus Mike Fisher in Hurricanes zone.
15:18 of 1st period - Blake Wheeler is hit by R.J. Umberger.
15:30 of 1st period - Shot by Carl Gunnarsson.
15:30 of 1st period - Stopped by Chad Johnson without a rebound.
15:31 of 1st period - Mike Fisher wins face-off versus Blake Wheeler in Hurricanes zone.
15:45 of 1st period - Shot by Alex Tanguay.
15:45 of 1st period - Deflect By Mike Fisher.
15:45 of 1st period - Shot Misses the Net.
15:47 of 1st period - Shot by Carl Gunnarsson.
15:47 of 1st period - Stopped by Chad Johnson without a rebound.
15:48 of 1st period - Brian Boyle wins face-off versus Bryan Little in Hurricanes zone.
15:48 of 1st period - Brian Boyle is hit by Bryan Little.
16:01 of 1st period - Icing by Carl Gunnarsson.
16:02 of 1st period - Bryan Little wins face-off versus Blake Wheeler in Blues zone.
17:28 of 1st period - Icing by Jeff Petry.
17:29 of 1st period - Jay McClement wins face-off versus Brad Richardson in Blues zone.
17:39 of 1st period - Icing by Raphael Diaz.
17:40 of 1st period - Bryan Little wins face-off versus Brad Richardson in Hurricanes zone.
18:27 of 1st period - Minor Penalty to Ryan Garbutt for Hooking.
18:28 of 1st period - Derek Roy wins face-off versus Jussi Jokinen in Blues zone.
18:34 of 1st period - Michael Frolik is hit by Mark Stuart and loses puck.
18:55 of 1st period - Bryan Little is hit by Nick Foligno and loses puck.
19:02 of 1st period - Shot by Derek Roy.
19:02 of 1st period - Stopped by Antti Niemi without a rebound.
19:03 of 1st period - Jussi Jokinen wins face-off versus Brian Boyle in Blues zone.
19:15 of 1st period - Icing by Blake Wheeler.
19:16 of 1st period - Brian Boyle wins face-off versus Jussi Jokinen in Hurricanes zone.
19:21 of 1st period - Shot by Kevin Czuczman.
19:21 of 1st period - Shot Misses the Net.
19:23 of 1st period - Shot by James Neal.
19:23 of 1st period - Shot Misses the Net.
19:25 of 1st period - Shot by Brian Boyle.
19:25 of 1st period - Shot Misses the Net.
19:34 of 1st period - Minor Penalty to Mike Fisher for Interference.
19:35 of 1st period - Jussi Jokinen wins face-off versus Derek Roy in Blues zone.
Goals for this period are 1 for Blues vs 0 for Hurricanes.
Shots for this period are 16 for Blues vs 4 for Hurricanes.

2nd period


0:01 of 2nd period - Jussi Jokinen wins face-off versus Brian Boyle in neutral zone.
0:15 of 2nd period - Shot by James Neal.
0:15 of 2nd period - Stopped by Antti Niemi without a rebound.
0:16 of 2nd period - Derek Roy wins face-off versus Jussi Jokinen in Blues zone.
0:21 of 2nd period - Shot by Michael Frolik.
0:21 of 2nd period - Stopped by Antti Niemi with a rebound.
0:23 of 2nd period - Shot by James Wisniewski.
0:23 of 2nd period - Shot Blocked by Carl Gunnarsson.
0:41 of 2nd period - Shot by James Wisniewski.
0:41 of 2nd period - Shot Blocked by Bryan Little.
0:43 of 2nd period - Shot by Ben Lovejoy.
0:43 of 2nd period - Shot Misses the Net.
0:45 of 2nd period - Shot by Ben Lovejoy.
0:45 of 2nd period - Stopped by Antti Niemi without a rebound.
0:46 of 2nd period - Brian Boyle wins face-off versus Jussi Jokinen in Blues zone.
0:59 of 2nd period - Shot by Bryan Little.
0:59 of 2nd period - Shot Blocked by Dustin Byfuglien.
1:01 of 2nd period - Shot by Carl Gunnarsson.
1:01 of 2nd period - Stopped by Chad Johnson without a rebound.
1:02 of 2nd period - Jussi Jokinen wins face-off versus Derek Roy in Hurricanes zone.
1:03 of 2nd period - Shot by Bryan Little.
1:03 of 2nd period - Stopped by Chad Johnson without a rebound.
1:04 of 2nd period - Brian Boyle wins face-off versus Jussi Jokinen in Hurricanes zone.
1:33 of 2nd period - James Neal is hit by Jeff Petry and loses puck.
1:56 of 2nd period - Shot by R.J. Umberger.
1:56 of 2nd period - Stopped by Chad Johnson without a rebound.
1:57 of 2nd period - Jay McClement wins face-off versus Brandon McMillan in Hurricanes zone.
2:01 of 2nd period - Shot by Kevin Klein.
2:01 of 2nd period - Shot Misses the Net.
2:03 of 2nd period - Shot by Cal Clutterbuck.
2:03 of 2nd period - Stopped by Chad Johnson without a rebound.
2:04 of 2nd period - Bryan Little wins face-off versus Brad Richardson in Hurricanes zone.
2:11 of 2nd period - Shot by Jiri Hudler.
2:11 of 2nd period - Shot Blocked by Brooks Orpik.
2:19 of 2nd period - Shot by James Neal.
2:19 of 2nd period - Deflect By Blake Wheeler.
2:19 of 2nd period - Shot Misses the Net.
2:21 of 2nd period - Shot by Brad Richardson.
2:21 of 2nd period - Stopped by Antti Niemi with a rebound.
2:23 of 2nd period - Shot by Blake Wheeler.
2:23 of 2nd period - Shot Misses the Net.
2:25 of 2nd period - Shot by Blake Wheeler.
2:25 of 2nd period - Stopped by Antti Niemi without a rebound.
2:26 of 2nd period - Derek Roy wins face-off versus Jussi Jokinen in Blues zone.
2:29 of 2nd period - Shot by Michael Frolik.
2:29 of 2nd period - Stopped by Antti Niemi without a rebound.
2:30 of 2nd period - Jussi Jokinen wins face-off versus Derek Roy in Blues zone.
2:45 of 2nd period - Shot by Jussi Jokinen.
2:45 of 2nd period - Stopped by Chad Johnson without a rebound.
2:46 of 2nd period - Mike Fisher wins face-off versus Brad Richardson in Hurricanes zone.
2:47 of 2nd period - Shot by Johnny Boychuk.
2:47 of 2nd period - Stopped by Chad Johnson with a rebound.
2:55 of 2nd period - Shot by Mike Fisher.
2:55 of 2nd period - Shot Misses the Net.
2:59 of 2nd period - Shot by Mike Fisher.
2:59 of 2nd period - Goal by Mike Fisher - Blues : 2 - Hurricanes : 0.
3:00 of 2nd period - Derek Roy wins face-off versus Jussi Jokinen in neutral zone.
3:32 of 2nd period - Icing by Ben Lovejoy.
3:33 of 2nd period - Mike Fisher wins face-off versus Derek Roy in Hurricanes zone.
3:33 of 2nd period - Mike Fisher is hit by Dustin Byfuglien.
4:44 of 2nd period - Shot by Blake Wheeler.
4:44 of 2nd period - Deflect By James Neal.
4:44 of 2nd period - Shot Misses the Net.
5:42 of 2nd period - Patrick Maroon is hit by Johnny Boychuk and loses puck.
5:55 of 2nd period - Derek Roy is hit by Bryan Little and loses puck.
6:10 of 2nd period - Minor Penalty to Ben Lovejoy for Slashing.
6:11 of 2nd period - Blake Wheeler wins face-off versus Bryan Little in Hurricanes zone.
6:17 of 2nd period - Icing by Jussi Jokinen.
6:18 of 2nd period - Bryan Little wins face-off versus Blake Wheeler in Blues zone.
6:27 of 2nd period - Shot by Mike Weaver.
6:27 of 2nd period - Stopped by Chad Johnson without a rebound.
6:28 of 2nd period - Mike Fisher wins face-off versus Brian Boyle in Hurricanes zone.
6:31 of 2nd period - Shot by R.J. Umberger.
6:31 of 2nd period - Shot Misses the Net.
6:39 of 2nd period - Shot by Alex Tanguay.
6:39 of 2nd period - Stopped by Chad Johnson without a rebound.
6:40 of 2nd period - Blake Wheeler wins face-off versus Mike Fisher in Hurricanes zone.
6:55 of 2nd period - Shot by Johnny Boychuk.
6:55 of 2nd period - Shot Blocked by James Wisniewski.
6:57 of 2nd period - Shot by Carl Gunnarsson.
6:57 of 2nd period - Stopped by Chad Johnson without a rebound.
6:58 of 2nd period - Bryan Little wins face-off versus Brian Boyle in Hurricanes zone.
7:25 of 2nd period - Shot by Jussi Jokinen.
7:25 of 2nd period - Shot Misses the Net.
7:27 of 2nd period - Shot by Bryan Little.
7:27 of 2nd period - Goal by Bryan Little - Blues : 3 - Hurricanes : 0.
7:28 of 2nd period - Jay McClement wins face-off versus Brian Boyle in neutral zone.
7:28 of 2nd period - Jay McClement is hit by Brian Boyle.
7:38 of 2nd period - Shot by Cal Clutterbuck.
7:38 of 2nd period - Shot Blocked by Kevin Czuczman.
7:40 of 2nd period - Shot by Cal Clutterbuck.
7:40 of 2nd period - Shot Misses the Net.
7:42 of 2nd period - Shot by Johnny Boychuk.
7:42 of 2nd period - Stopped by Chad Johnson without a rebound.
7:43 of 2nd period - Derek Roy wins face-off versus Mike Fisher in Hurricanes zone.
7:43 of 2nd period - Derek Roy is hit by Mike Fisher.
8:05 of 2nd period - Off-side.
8:06 of 2nd period - Jussi Jokinen wins face-off versus Brad Richardson in neutral zone.
8:47 of 2nd period - Shot by Jussi Jokinen.
8:47 of 2nd period - Deflect By Ryan Garbutt.
8:47 of 2nd period - Stopped by Chad Johnson without a rebound.
8:48 of 2nd period - Bryan Little wins face-off versus Nick Foligno in Hurricanes zone.
9:15 of 2nd period - Shot by Michael Frolik.
9:15 of 2nd period - Stopped by Antti Niemi without a rebound.
9:16 of 2nd period - Jay McClement wins face-off versus Brandon McMillan in Blues zone.
9:16 of 2nd period - Jay McClement is hit by Patrick Maroon.
9:23 of 2nd period - Carl Gunnarsson is hit by Kevin Czuczman and loses puck.
9:32 of 2nd period - Shot by Raphael Diaz.
9:32 of 2nd period - Stopped by Antti Niemi without a rebound.
9:33 of 2nd period - Brad Richardson wins face-off versus Bryan Little in Blues zone.
9:33 of 2nd period - Brad Richardson is hit by Johnny Boychuk.
11:28 of 2nd period - Icing by Kevin Klein.
11:29 of 2nd period - Jussi Jokinen wins face-off versus James Neal in Blues zone.
11:43 of 2nd period - Mike Weaver is hit by Brian Boyle and loses puck.
12:05 of 2nd period - Off-side.
12:06 of 2nd period - Brandon McMillan wins face-off versus Mike Fisher in neutral zone.
12:30 of 2nd period - Shot by Carl Gunnarsson.
12:30 of 2nd period - Stopped by Chad Johnson without a rebound.
12:31 of 2nd period - Jay McClement wins face-off versus Derek Roy in Hurricanes zone.
12:36 of 2nd period - Shot by Jay McClement.
12:36 of 2nd period - Goal by Jay McClement - Blues : 4 - Hurricanes : 0.
12:37 of 2nd period - Jay McClement wins face-off versus Brad Richardson in neutral zone.
12:44 of 2nd period - James Neal is hit by Tanner Glass and loses puck.
13:02 of 2nd period - Dustin Byfuglien is hit by Tanner Glass.
13:42 of 2nd period - Shot by Michael Frolik.
13:42 of 2nd period - Goal by Michael Frolik - Blues : 4 - Hurricanes : 1.
13:43 of 2nd period - Brandon McMillan wins face-off versus Mike Fisher in neutral zone.
13:45 of 2nd period - Patrick Maroon is hit by R.J. Umberger and loses puck.
13:57 of 2nd period - Raphael Diaz and Carl Gunnarsson fight to a draw.
13:57 of 2nd period - Penalty to Raphael Diaz for Fighting.
13:57 of 2nd period - Penalty to Carl Gunnarsson for Fighting.
13:58 of 2nd period - Derek Roy wins face-off versus Jussi Jokinen in Hurricanes zone.
13:58 of 2nd period - Derek Roy is hit by Ryan Garbutt.
14:05 of 2nd period - Dustin Byfuglien is hit by Ryan Garbutt and loses puck.
14:17 of 2nd period - Icing by Michael Frolik.
14:18 of 2nd period - Derek Roy wins face-off versus Mike Fisher in Hurricanes zone.
14:37 of 2nd period - Shot by R.J. Umberger.
14:37 of 2nd period - Stopped by Chad Johnson with a rebound.
14:39 of 2nd period - Shot by Alex Tanguay.
14:39 of 2nd period - Shot Blocked by Dustin Byfuglien.
14:41 of 2nd period - Shot by Mike Fisher.
14:41 of 2nd period - Shot Misses the Net.
14:43 of 2nd period - Shot by Johnny Boychuk.
14:43 of 2nd period - Shot Blocked by Ben Lovejoy.
15:09 of 2nd period - Off-side.
15:10 of 2nd period - Brad Richardson wins face-off versus Bryan Little in neutral zone.
15:10 of 2nd period - Brad Richardson is hit by Lee Stempniak.
15:33 of 2nd period - Shot by Jiri Hudler.
15:33 of 2nd period - Stopped by Chad Johnson with a rebound.
16:02 of 2nd period - Icing by Brooks Orpik.
16:03 of 2nd period - Brad Richardson wins face-off versus Jussi Jokinen in Hurricanes zone.
16:22 of 2nd period - Shot by Jussi Jokinen.
16:22 of 2nd period - Stopped by Chad Johnson without a rebound.
16:23 of 2nd period - Mike Fisher wins face-off versus Derek Roy in Hurricanes zone.
16:47 of 2nd period - Shot by Nick Foligno.
16:47 of 2nd period - Stopped by Antti Niemi without a rebound.
16:48 of 2nd period - Patrick Maroon wins face-off versus Jussi Jokinen in Blues zone.
17:13 of 2nd period - Shot by Alex Chiasson.
17:13 of 2nd period - Stopped by Antti Niemi without a rebound.
17:14 of 2nd period - Brian Boyle wins face-off versus Bryan Little in Blues zone.
17:22 of 2nd period - Valeri Nichushkin is hit by Johnny Boychuk and loses puck.
18:05 of 2nd period - Minor Penalty to Nick Foligno for Hooking.
18:06 of 2nd period - Blake Wheeler wins face-off versus Mike Fisher in Hurricanes zone.
18:06 of 2nd period - Blake Wheeler is hit by R.J. Umberger.
18:17 of 2nd period - Off-side.
18:18 of 2nd period - Mike Fisher wins face-off versus Blake Wheeler in neutral zone.
19:00 of 2nd period - Shot by Mike Fisher.
19:00 of 2nd period - Shot Misses the Net.
Goals for this period are 3 for Blues vs 1 for Hurricanes.
Shots for this period are 18 for Blues vs 11 for Hurricanes.

3rd period


0:01 of 3rd period - Brian Boyle wins face-off versus Mike Fisher in neutral zone.
0:32 of 3rd period - Shot by Blake Wheeler.
0:32 of 3rd period - Stopped by Antti Niemi without a rebound.
0:33 of 3rd period - Mike Fisher wins face-off versus Michael Frolik in Blues zone.
0:52 of 3rd period - Shot by Mark Stuart.
0:52 of 3rd period - Shot Blocked by Brooks Orpik.
0:54 of 3rd period - Shot by R.J. Umberger.
0:54 of 3rd period - Shot Misses the Net.
1:31 of 3rd period - Minor Penalty to Brad Richardson for High sticking.
1:32 of 3rd period - Brian Boyle wins face-off versus Bryan Little in Hurricanes zone.
1:32 of 3rd period - Brian Boyle is hit by Bryan Little.
2:10 of 3rd period - Double Minor Penalty to Brian Boyle for Slashing.
2:11 of 3rd period - Mike Fisher wins face-off versus James Neal in Hurricanes zone.
2:12 of 3rd period - Shot by Johnny Boychuk.
2:12 of 3rd period - Shot Blocked by Dustin Byfuglien.
2:14 of 3rd period - Shot by Mike Fisher.
2:14 of 3rd period - Shot Misses the Net.
2:16 of 3rd period - Shot by Kevin Klein.
2:16 of 3rd period - Deflect By Mike Fisher.
2:16 of 3rd period - Shot Blocked by James Neal.
2:27 of 3rd period - Off-side.
2:28 of 3rd period - James Neal wins face-off versus Bryan Little in neutral zone.
3:02 of 3rd period - Brooks Orpik is hit by Jussi Jokinen and loses puck.
3:44 of 3rd period - Icing by Carl Gunnarsson.
3:45 of 3rd period - Blake Wheeler wins face-off versus Mike Fisher in Blues zone.
3:46 of 3rd period - Shot by Michael Frolik.
3:46 of 3rd period - Shot Misses the Net.
4:52 of 3rd period - Shot by Mike Fisher.
4:52 of 3rd period - Shot Misses the Net.
4:54 of 3rd period - Shot by Alex Tanguay.
4:54 of 3rd period - Shot Misses the Net.
4:56 of 3rd period - Shot by Mike Weaver.
4:56 of 3rd period - Shot Misses the Net.
5:11 of 3rd period - Off-side.
5:12 of 3rd period - Bryan Little wins face-off versus Derek Roy in neutral zone.
5:20 of 3rd period - Icing by Jussi Jokinen.
5:21 of 3rd period - Bryan Little wins face-off versus Derek Roy in Blues zone.
6:02 of 3rd period - Shot by Mike Fisher.
6:02 of 3rd period - Stopped by Chad Johnson without a rebound.
6:03 of 3rd period - Mike Fisher wins face-off versus Blake Wheeler in Hurricanes zone.
6:12 of 3rd period - Minor Penalty to Kevin Czuczman for Tripping.
6:13 of 3rd period - Bryan Little wins face-off versus Blake Wheeler in Hurricanes zone.
6:33 of 3rd period - Icing by Carl Gunnarsson.
6:34 of 3rd period - Bryan Little wins face-off versus Brian Boyle in Blues zone.
6:48 of 3rd period - Icing by Bryan Little.
6:49 of 3rd period - Bryan Little wins face-off versus Blake Wheeler in Blues zone.
7:20 of 3rd period - Shot by Johnny Boychuk.
7:20 of 3rd period - Shot Misses the Net.
7:22 of 3rd period - Shot by Mike Fisher.
7:22 of 3rd period - Goal by Mike Fisher - Blues : 5 - Hurricanes : 1.
7:23 of 3rd period - Brian Boyle wins face-off versus Jay McClement in neutral zone.
7:39 of 3rd period - Minor Penalty to Kevin Czuczman for Roughing.
7:40 of 3rd period - Alex Tanguay wins face-off versus Blake Wheeler in Hurricanes zone.
7:41 of 3rd period - Shot by Johnny Boychuk.
7:41 of 3rd period - Stopped by Chad Johnson without a rebound.
7:42 of 3rd period - Mike Fisher wins face-off versus Brian Boyle in Hurricanes zone.
8:07 of 3rd period - Shot by Carl Gunnarsson.
8:07 of 3rd period - Deflect By R.J. Umberger.
8:07 of 3rd period - Shot Misses the Net.
8:09 of 3rd period - Shot by Johnny Boychuk.
8:09 of 3rd period - Deflect By R.J. Umberger.
8:09 of 3rd period - Stopped by Chad Johnson without a rebound.
8:10 of 3rd period - Bryan Little wins face-off versus Michael Frolik in Hurricanes zone.
8:12 of 3rd period - Minor Penalty to Mike Weaver for Interference.
8:13 of 3rd period - Bryan Little wins face-off versus Derek Roy in Blues zone.
8:19 of 3rd period - Johnny Boychuk is hit by Brooks Orpik and loses puck.
8:52 of 3rd period - Shot by James Neal.
8:52 of 3rd period - Deflect By Derek Roy.
8:52 of 3rd period - Stopped by Antti Niemi with a rebound.
9:27 of 3rd period - Nick Foligno is hit by Bryan Little and loses puck.
9:52 of 3rd period - Shot by Brian Boyle.
9:52 of 3rd period - Shot Misses the Net.
10:55 of 3rd period - Icing by Mike Weaver.
10:56 of 3rd period - Jay McClement wins face-off versus Derek Roy in Blues zone.
10:56 of 3rd period - Mike Weaver is hit by Nick Foligno and loses puck.
11:01 of 3rd period - Shot by Derek Roy.
11:01 of 3rd period - Shot Misses the Net.
11:12 of 3rd period - Nick Foligno is hit by Mike Weaver and loses puck.
11:25 of 3rd period - Shot by Michael Frolik.
11:25 of 3rd period - Stopped by Antti Niemi without a rebound.
11:26 of 3rd period - Mike Fisher wins face-off versus James Neal in Blues zone.
11:38 of 3rd period - Shot by R.J. Umberger.
11:38 of 3rd period - Deflect By Mike Fisher.
11:38 of 3rd period - Shot Hit the Post.
11:40 of 3rd period - Shot by Mike Fisher.
11:40 of 3rd period - Shot Misses the Net.
11:42 of 3rd period - Shot by Carl Gunnarsson.
11:42 of 3rd period - Shot Blocked by Dustin Byfuglien.
11:44 of 3rd period - Shot by Mike Fisher.
11:44 of 3rd period - Stopped by Chad Johnson with a rebound.
12:33 of 3rd period - Major Penalty to Dustin Byfuglien for Kneeing.
12:34 of 3rd period - Bryan Little wins face-off versus Blake Wheeler in Hurricanes zone.
14:42 of 3rd period - Off-side.
14:43 of 3rd period - R.J. Umberger wins face-off versus Blake Wheeler in neutral zone.
15:02 of 3rd period - Shot by Carl Gunnarsson.
15:02 of 3rd period - Shot Misses the Net.
15:04 of 3rd period - Shot by Alex Tanguay.
15:04 of 3rd period - Stopped by Chad Johnson without a rebound.
15:05 of 3rd period - Bryan Little wins face-off versus Brian Boyle in Hurricanes zone.
15:41 of 3rd period - Icing by Jussi Jokinen.
15:42 of 3rd period - Brian Boyle wins face-off versus Bryan Little in Blues zone.
17:01 of 3rd period - David Jones is hit by Nick Foligno and loses puck.
17:20 of 3rd period - Shot by Mark Stuart.
17:20 of 3rd period - Shot Blocked by Ryan Wilson.
17:55 of 3rd period - Jiri Hudler is hit by Dustin Byfuglien and loses puck.
18:18 of 3rd period - Off-side.
18:19 of 3rd period - Brad Richardson wins face-off versus Jussi Jokinen in neutral zone.
19:24 of 3rd period - Shot by Derek Roy.
19:24 of 3rd period - Stopped by Antti Niemi without a rebound.
19:25 of 3rd period - Cal Clutterbuck wins face-off versus Brandon McMillan in Blues zone.
19:25 of 3rd period - Cal Clutterbuck is hit by Patrick Maroon.
19:39 of 3rd period - Shot by Cal Clutterbuck.
19:39 of 3rd period - Shot Misses the Net.
19:42 of 3rd period - Cal Clutterbuck is hit by Dustin Byfuglien and loses puck.
19:49 of 3rd period - Shot by Tanner Glass.
19:49 of 3rd period - Stopped by Chad Johnson without a rebound.
19:50 of 3rd period - Derek Roy wins face-off versus Bryan Little in Hurricanes zone.
19:57 of 3rd period - Shot by Nick Foligno.
19:57 of 3rd period - Shot Blocked by Kevin Klein.
Goals for this period are 1 for Blues vs 0 for Hurricanes.
Shots for this period are 7 for Blues vs 4 for Hurricanes.


Output by the SimonT Hockey Simulator (STHS) for Stephane Roy -- Original Page W3C XHTML 1.0 Valid
Hockey Simulator - Hockey Simulation - Hockey Manager